 Dungeon Crawl Stone Soup version 0.18.1-5-g4a78601 (webtiles) character file.

180568 shmeve the Peltast (level 17, -5/171 (177) HPs)
             Began as a Minotaur Berserker on May 13, 2016.
             Was the Champion of Trog.
             Slain by a faun
             ... wielding a +0 quarterstaff of speed
              (25 damage)
             ... on level 4 of the Shoals.
             The game lasted 01:27:11 (28147 turns).

shmeve the Peltast (Minotaur Berserker)            Turns: 28147, Time: 01:27:13

HP:   -5/171 (177)  AC: 26    Str: 35    XL:     17   Next: 64%
MP:   25/25         EV:  9    Int:  5    God:    Trog [******]
Gold: 2784          SH:  0    Dex: 23    Spells: 0 memorised, 16 levels left

rFire  + . .     SeeInvis .     N - +6 hand axe (vamp)
rCold  + . .     Gourm    .     p - +0 plate armour
rNeg   . . .     Faith    .     E - +5 large shield
rPois  .         Spirit   .     C - +0 hat
rElec  .         Dismiss  .     x - +2 cloak of Responsibility {Dex+2}
rCorr  .         Reflect  .     G - +2 pair of gloves "Boeqod" {rF+ MP+9 Str+5}
SustAt .         Harm     .     L - +2 pair of boots "Maetoth" {rC+}
MR     +....                    J - amulet of Vitality {Regen+ HP+15}
Stlth  ..........               M - ring of Eternal Harmony {Wiz Str+4 Dex+4}
                                t - +5 ring of dexterity

@: lethally poisoned (-5 -> -28), afraid, manticore barbs, held, slowed, very
slow, somewhat resistant to hostile enchantments, extremely unstealthy
A: retaliatory headbutt, horns 2
a: Berserk, Trog's Hand, Brothers in Arms, Burn Spellbooks, Renounce Religion


You were on level 4 of the Shoals.
You worshipped Trog.
Trog was exalted by your worship.
You were not hungry.

You visited 4 branches of the dungeon, and saw 29 of its levels.
You also visited: Sewer.

You collected 3359 gold pieces.
You spent 575 gold pieces at shops.

Inventory:

Hand Weapons
 N - a +6 vampiric hand axe (weapon)
Missiles
 r - 40 javelins
Armour
 p - a +0 plate armour (worn)
 x - the +2 cloak of Responsibility (worn) {Dex+2}
   (You acquired it on level 6 of the Dungeon)

   It affects your dexterity (+2).
 C - a +0 hat (worn)
 E - a +5 large shield (worn)
 G - the +2 pair of gloves "Boeqod" (worn) {rF+ MP+9 Str+5}
   (You bought it in a shop on level 2 of the Orcish Mines)

   It affects your strength (+5).
   It protects you from fire.
   It affects your magic capacity (+9).
 L - the +2 pair of boots "Maetoth" (worn) {rC+}
   (You found it on level 14 of the Dungeon)

   It protects you from cold.
Jewellery
 g - the amulet of the Four Winds {rN+ MR+++ Clar}
   (You found it on level 8 of the Lair of Beasts)

   [amulet of nothing]

   It protects you from negative energy.
   It affects your resistance to hostile enchantments.
   It protects you against confusion.
 t - a +5 ring of dexterity (left hand)
 J - the amulet of Vitality (around neck) {Regen+ HP+15}
   (You found it on level 14 of the Dungeon)

   [amulet of regeneration]

   It affects your health (+15).
   It increases your rate of regeneration.
 M - the ring of Eternal Harmony (right hand) {Wiz Str+4 Dex+4}
   (You found it on level 4 of the Shoals)

   [ring of wizardry]

   It improves your spell success rate.
   It affects your strength (+4).
   It affects your dexterity (+4).
Scrolls
 e - 13 scrolls of teleportation
 i - 13 scrolls of identify
 n - 3 scrolls of fog
 w - 7 scrolls of fear
 y - 3 scrolls of blinking
 A - 5 scrolls of magic mapping
 B - 12 scrolls of remove curse
 D - 2 scrolls of vulnerability
 O - 2 scrolls of recharging
Potions
 a - 3 potions of cure mutation
 b - 3 potions of ambrosia
 d - 10 potions of heal wounds
 f - 4 potions of berserk rage
 j - a potion of flight
 k - 7 potions of brilliance
 o - 9 potions of curing
 q - 2 potions of resistance
 u - 4 potions of agility
 v - 5 potions of might
 H - 4 potions of cancellation
 K - a potion of beneficial mutation {unknown}
Comestibles
 c - 16 bread rations
 h - 15 meat rations
 l - 2 chunks of flesh
 m - 9 beef jerkies
 z - 9 slices of pizza
 F - 7 fruits
 I - 5 royal jellies


   Skills:
 * Level 17.5 Fighting
 * Level 17.6 Axes
 + Level 11.2 Throwing
 + Level 13.1 Armour
 + Level 12.2 Dodging
 * Level 17.9 Shields


You had 16 spell levels left.
You didn't know any spells.

Dungeon Overview and Level Annotations

Branches:
Dungeon (15/15)            Temple (0/1) D:4            Lair (8/8) D:11
 Shoals (4/4) Lair:4        Snake (0/4) Lair:4        Slime (0/6) Lair:7
    Orc (2/2) D:11            Elf (0/3) Orc:2        Vaults (0/5) D:13
 Depths (0/5) D:15

Altars:
Ashenzari
Dithmenos
Fedhas
Gozag
Makhleb
Pakellas
Ru
Sif Muna
Trog
Xom
Jiyva

Shops:
D:5 [   Orc:2 ([*:

Annotations:
D:3 Whaleporn's ghost, amateur NaTm
D:11 2 runed doors
D:13 exclusion: oklob sapling
Lair:6 exclusion: 3 oklob plants


Innate Abilities, Weirdness & Mutations

You reflexively headbutt those who attack you in melee.
You have a pair of horns on your head.


Message History

You try to slip out of the net.
You feel very sick.
The wind drake bites you but does no damage.
The merfolk impaler hits you but does no damage.
The satyr plays a rousing melody on his pipes!
The satyr's allies are stirred to greatness!
The merfolk impaler hits you but does no damage.
You are more poisoned.
The merfolk impaler barely misses you.
The merfolk hits you but does no damage.
The wind drake bites you!
* * * LOW HITPOINT WARNING * * *
The faun hits you with an uncursed club!
* * * LOW HITPOINT WARNING * * *
The merfolk barely misses you. The harpy claws you but does no damage.
The harpy claws you!
* * * LOW HITPOINT WARNING * * *
The merfolk impaler closely misses you.
The faun hits you with an uncursed quarterstaff of speed!!
You die...

..P......≈≈...≈
≈≈≈≈..P=..........)
≈≈≈≈≈..P............
≈≈≈≈≈P....P.....(....
≈≈≈≈≈................
≈≈P≈P.P.P..m.HH......
≈≈≈≈≈PPP....m.cc......
≈≈≈≈≈.PPP....m†@H.....≈ ....
≈≈≈≈...P.....mk.......## #....
≈≈≈....[......c........###.#..
≈P≈P...............##...≈...#
...PP...............##.#.#.#
P..................≈##≈...≈ ..
.P.P...............≈#..#.#.## ..
P....|.†...........##)).≈...##..
PPPP.P...........<..)#)#≈≈......


You could see 2 merfolk impalers, a satyr, a wind drake, 2 merfolk, 2 fauns and
3 harpies.

Vanquished Creatures
  A kraken (Shoals:2)
  Ilsuiw (Shoals:4)
  2 orc warlords (Orc:2)
  Nessos (Orc:2)
  Snorg (Lair:5)
  Erolcha (D:12)
  2 mummy priests (D:14)
  3 merfolk javelineers (Shoals:1)
  6 merfolk impalers
  Josephine (Lair:6)
  A vault guard (D:13)
  The ghost of Haifisch the Carver, a journeyman HaGl of the Shining One (D:11)
  8 merfolk avatars
  10 centaur warriors
  12 hydras
  2 alligator snapping turtles (Shoals:3)
  A catoblepas (Lair:8)
  3 merfolk aquamancers
  A deep troll shaman (Lair:8)
  2 tengu warriors
  11 death yaks
  A vampire mage (D:15)
  2 orc high priests (Orc:2)
  An iron giant zombie (D:15)
  Nergalle (Lair:1)
  The ghost of packetloss the Nimble, a novice DsWz of Ashenzari (D:8)
  2 skeletal warriors (D:15)
  A wizard (D:13)
  7 sea snakes
  A flayed ghost (D:12)
  2 phantasmal warriors (D:12)
  A lindwurm (Lair:7)
  2 necromancers
  A swamp dragon (shapeshifter) (D:14)
  9 hill giants
  21 harpies
  11 griffons
  4 orc knights (Orc:2)
  5 deep elf magi
  5 fauns
  5 orc sorcerers
  13 manticores
  11 ugly things
  4 cyclopes
  7 slime creatures
  4 oklob plants (Lair:6)
  10 sirens
  Maurice (D:12)
  17 elephants
  4 black mambas
  3 gargoyles
  2 torpor snails (Lair:8)
  2 centaur skeletons
  16 spiny frogs
  7 water nymphs
  Psyche (D:8)
  A spriggan zombie (D:15)
  3 rime drakes
  3 kobold demonologists (D:13)
  11 komodo dragons
  A harpy zombie (D:14)
  4 polar bears
  A wind drake (shapeshifter) (D:14)
  2 guardian mummies (D:14)
  8 trolls
  A wolf spider simulacrum (D:13)
  21 merfolk
  Grinder (D:4)
  A blink frog (shapeshifter) (D:12)
  A boulder beetle (Lair:8)
  32 blink frogs
  An ettin zombie (D:15)
  8 snapping turtles
  2 shadows
  A fire dragon skeleton (D:15)
  2 vampires
  79 yaks
  9 water elementals
  3 wyverns
  A fire elemental (Lair:6)
  6 wraiths
  5 basilisks
  A hungry ghost (D:8)
  A steam dragon (D:11)
  10 hippogriffs
  2 vampire mosquitoes (D:14)
  Menkaure (D:4)
  Edmund (D:6)
  2 mottled dragons (D:13)
  4 nagas (Lair:4)
  6 swamp worms (Lair:4)
  2 wargs (Orc:2)
  A soldier ant (D:11)
  11 water moccasins
  30 orc warriors
  9 porcupines
  3 black bears
  2 wasps
  21 ice beasts
  6 sky beasts
  2 eyes of draining
  15 wolves
  A phantom (D:12)
  2 necrophages
  30 centaurs
  12 ogres
  24 crocodiles
  14 big kobolds
  Blork the orc (D:5)
  A gnoll sergeant (D:9)
  15 giant frogs
  3 wyvern zombies
  3 scorpions
  A wyvern skeleton (D:12)
  A killer bee (D:11)
  4 howler monkeys
  34 wights
  7 electric eels
  6 crimson imps
  A lava snake (Lair:6)
  2 quasits
  2 centaur zombies
  A wyvern simulacrum (D:13)
  3 giant frog zombies
  3 jellies
  2 giant frog skeletons
  15 orc priests
  10 hounds
  19 orc wizards
  Jessica (D:3)
  6 iguanas
  11 worker ants
  A hell rat (D:8)
  3 yak simulacra (Lair:2)
  3 polar bear simulacra (Lair:2)
  A wolf simulacrum (Lair:2)
  A killer bee zombie (D:11)
  19 sheep
  2 centaur simulacra
  2 giant frog simulacra (D:13)
  5 mummies (D:14)
  A worker ant zombie (D:9)
  5 gnolls (D:9)
  19 river rats
  19 adders
  A hound simulacrum (D:11)
  3 shadow imps
  7 oozes
  An adder skeleton (D:7)
  2 adder zombies
  16 worms
  A dart slug (D:5)
  9 giant geckos
  59 orcs
  3 ball pythons
  12 giant cockroaches
  9 goblins
  8 hobgoblins
  14 jackals
  A quokka (D:4)
  11 bats
  5 giant newts
  35 kobolds
  44 rats
  4 river rat simulacra (Lair:2)
  5 fungi
  7 plants
  2 tentacles (Shoals:2)
1169 creatures vanquished.

Vanquished Creatures (others)
  An eye of draining (D:15)
  An orc wizard (D:6)
  2 fire vortices (Lair:6)
  5 fungi
  6 plants
  4 tentacles (Shoals:2)
  28 tentacle segments (Shoals:2)
47 creatures vanquished.

Grand Total: 1216 creatures vanquished

Notes
Turn   | Place    | Note
--------------------------------------------------------------
     0 | D:1      | shmeve the Minotaur Berserker began the quest for the Orb.
     0 | D:1      | Reached XP level 1. HP: 19/19 MP: 0/0
   265 | D:1      | Reached XP level 2. HP: 25/27 MP: 1/1
   683 | D:2      | Reached skill level 1 in Shields
   720 | D:2      | Reached ** piety under Trog
  1035 | D:2      | Reached XP level 3. HP: 31/33 MP: 2/2
  1546 | D:3      | Noticed Jessica
  1551 | D:3      | Noticed a centaur
  1553 | D:3      | Reached XP level 4. HP: 40/40 MP: 3/3
  1559 | D:3      | Killed a centaur
  1559 | D:3      | Reached skill level 5 in Shields
  1559 | D:3      | Reached XP level 5. HP: 46/46 MP: 4/4
  1562 | D:3      | Killed Jessica
  1703 | D:3      | Found a shimmering altar of Xom.
  1775 | D:3      | Reached *** piety under Trog
  1948 | D:3      | Found a shattered altar of Ashenzari.
  2013 | D:3      | Noticed Whaleporn's ghost (amateur NaTm)
  2248 | D:4      | Found a bloodstained altar of Trog.
  2254 | D:4      | Found a sacrificial altar of Ru.
  2273 | D:4      | Noticed Grinder
  2295 | D:4      | Killed Grinder
  2295 | D:4      | Reached skill level 1 in Throwing
  2295 | D:4      | Reached XP level 6. HP: 35/53 MP: 5/5
  2320 | D:4      | Noticed Menkaure
  2344 | D:4      | Killed Menkaure
  2344 | D:4      | Reached XP level 7. HP: 23/60 MP: 6/6
  2554 | D:4      | Reached skill level 5 in Axes
  2913 | D:4      | Found a staircase to the Ecumenical Temple.
  3057 | D:5      | Entered Level 5 of the Dungeon
  3074 | D:5      | Reached skill level 5 in Fighting
  3353 | D:5      | Found a deep blue altar of Sif Muna.
  3412 | D:5      | Noticed Blork the orc
  3416 | D:5      | Killed Blork the orc
  3562 | D:5      | Found Naobi's Armour Boutique.
  3584 | D:5      | Bought a +1 buckler of poison resistance for 148 gold pieces
  4123 | D:6      | Reached XP level 8. HP: 58/68 MP: 7/7
  4312 | D:6      | Noticed Edmund
  4327 | D:6      | Killed Edmund
  4344 | D:6      | Identified a scroll of acquirement
  4347 | D:6      | Got a transparent cloak
  4353 | D:6      | Identified the +2 cloak of Responsibility {Dex+2} (You acquired it on level 6 of the Dungeon)
  4407 | D:6      | Found an opulent altar of Gozag.
  4623 | D:6      | Reached **** piety under Trog
  4627 | D:6      | Found a glowing drain.
  4631 | Sewer    | Entered a sewer
  5220 | D:6      | Reached XP level 9. HP: 78/78 MP: 8/8
  5503 | D:6      | Found a blossoming altar of Fedhas.
  5757 | D:7      | Found a burning altar of Makhleb.
  5858 | D:7      | Got a jewelled cloak
  5869 | D:7      | Identified the +0 cloak of Okawaru's Supremacy {rCorr} (You found it on level 7 of the Dungeon)
  6604 | D:8      | Received a gift from Trog
  6606 | D:8      | Noticed Psyche
  6622 | D:8      | Killed Psyche
  6622 | D:8      | Reached skill level 5 in Armour
  6625 | D:8      | Reached skill level 5 in Dodging
  6663 | D:8      | Reached ***** piety under Trog
  6778 | D:8      | Noticed packetloss's ghost (novice DsWz)
  6789 | D:8      | Killed packetloss's ghost
  6789 | D:8      | Reached XP level 10. HP: 90/90 MP: 9/9
  7160 | D:9      | Noticed a hill giant
  7169 | D:9      | Killed a hill giant
  7174 | D:9      | Paralysed by a gnoll for 2 turns
  7182 | D:9      | Reached skill level 10 in Shields
  7229 | D:9      | Reached skill level 5 in Throwing
  7500 | D:9      | Received a gift from Trog
  7528 | D:9      | Noticed a two-headed hydra
  7538 | D:9      | Killed a nine-headed hydra
  7861 | D:10     | Entered Level 10 of the Dungeon
  7945 | D:10     | Reached skill level 10 in Axes
  7945 | D:10     | Reached XP level 11. HP: 82/99 MP: 10/10
  7952 | D:10     | Reached skill level 10 in Fighting
  9237 | D:10     | Noticed a hill giant
  9245 | D:10     | Killed a hill giant
  9320 | D:11     | Found a staircase to the Orcish Mines.
  9636 | D:11     | Noticed a hill giant
  9645 | D:11     | Reached ****** piety under Trog
  9647 | D:11     | Killed a hill giant
  9655 | D:11     | Received a gift from Trog
  9668 | D:11     | Found a staircase to the Lair.
  9755 | D:11     | Noticed a purple ugly thing
  9767 | D:11     | Killed a purple ugly thing
  9769 | D:11     | Found a large runed door.
  9769 | D:11     | Found a large runed door.
  9786 | D:11     | Reached XP level 12. HP: 77/110 MP: 11/11
  9798 | D:11     | Noticed Haifisch's ghost (journeyman HaGl)
  9813 | D:11     | Killed Haifisch's ghost
  9823 | D:11     | Found a large runed door.
  9823 | D:11     | Found a large runed door.
  9860 | D:11     | Noticed a six-headed hydra
  9864 | D:11     | Killed a nine-headed hydra
  9892 | D:11     | Found a frozen archway.
 10332 | D:11     | Identified Danlyxet's Handbook of the Lucky Volcanoes
 10559 | Orc:1    | Entered Level 1 of the Orcish Mines
 11159 | Orc:2    | Entered Level 2 of the Orcish Mines
 11177 | Orc:2    | Received a gift from Trog
 11306 | Orc:2    | Found a staircase to the Elven Halls.
 11352 | Orc:2    | Noticed Nessos
 11360 | Orc:2    | Found Doisseul's General Store.
 11383 | Orc:2    | Killed Nessos
 11642 | Orc:2    | Noticed an orc warlord
 11643 | Orc:2    | Found Naxtutro's Book Boutique.
 11643 | Orc:2    | Noticed an orc high priest
 11654 | Orc:2    | Killed an orc high priest
 11666 | Orc:2    | Killed an orc warlord
 11666 | Orc:2    | Reached XP level 13. HP: 119/119 MP: 12/12
 11729 | Orc:2    | Found Tinowkaill's Antique Armour Boutique.
 11754 | Orc:2    | Bought a hat for 100 gold pieces
 11754 | Orc:2    | Bought a pair of ichor-stained gloves for 237 gold pieces
 11769 | Orc:2    | Identified the +2 pair of gloves "Boeqod" {rF+ MP+9 Str+5} (You bought it in a shop on level 2 of the Orcish Mines)
 11821 | Orc:2    | Noticed an orc warlord
 11874 | Orc:2    | Killed an orc warlord
 12178 | Orc:2    | Found Zugh's Antique Weapon Emporium.
 12206 | Orc:2    | Bought a glowing hand axe for 90 gold pieces
 12463 | Lair:1   | Entered Level 1 of the Lair of Beasts
 12557 | Lair:1   | Found an oddly glowing altar of Pakellas.
 12625 | Lair:1   | Received a gift from Trog
 12709 | Lair:1   | Noticed Nergalle
 12737 | Lair:1   | Killed Nergalle
 14400 | Lair:3   | Reached skill level 10 in Armour
 14842 | Lair:3   | Received a gift from Trog
 15143 | Lair:4   | Reached XP level 14. HP: 89/129 MP: 13/13
 15208 | Lair:4   | Found a staircase to the Shoals.
 15451 | Lair:4   | Found a staircase to the Snake Pit.
 15457 | Lair:4   | Received a gift from Trog
 16301 | Lair:5   | Noticed Snorg
 16314 | Lair:5   | Killed Snorg
 16965 | Lair:6   | Received a gift from Trog
 17073 | Lair:6   | Noticed Josephine
 17084 | Lair:6   | Killed Josephine
 17088 | Lair:6   | Reached skill level 10 in Dodging
 18044 | Lair:7   | Found a staircase to the Slime Pits.
 18045 | Lair:7   | Found a viscous altar of Jiyva.
 18137 | Lair:7   | Reached skill level 15 in Shields
 18565 | Lair:7   | Reached XP level 15. HP: 139/139 MP: 14/14
 18609 | Lair:7   | Received a gift from Trog
 18711 | Lair:8   | Entered Level 8 of the Lair of Beasts
 18773 | Lair:8   | Reached skill level 15 in Axes
 18835 | Lair:8   | Reached skill level 15 in Fighting
 18906 | Lair:8   | Received a gift from Trog
 19070 | Lair:8   | Received a gift from Trog
 20223 | D:12     | Noticed Erolcha
 20239 | D:12     | Killed Erolcha
 20688 | D:12     | Received a gift from Trog
 20688 | D:12     | Reached skill level 10 in Throwing
 20708 | D:12     | Got a steaming war axe {god gift}
 20709 | D:12     | Identified the +1 war axe "Hojouliwk" {freeze, rN++ Stlth+} (Trog gifted it to you on level 12 of the Dungeon)
 20733 | D:12     | Noticed Maurice
 20741 | D:12     | Killed Maurice
 21739 | D:13     | Reached XP level 16. HP: 151/151 MP: 15/15
 21802 | D:13     | Found a gate to the Vaults.
 22418 | D:14     | Got a pair of fine boots
 22424 | D:14     | Identified the +2 pair of boots "Maetoth" {rC+} (You found it on level 14 of the Dungeon)
 22834 | D:14     | Received a gift from Trog
 23465 | D:14     | Found a blossoming altar of Fedhas.
 23547 | D:15     | Entered Level 15 of the Dungeon
 23682 | D:15     | Found a staircase to the Depths.
 23839 | D:15     | Found a shadowy altar of Dithmenos.
 24610 | Shoals:1 | Entered Level 1 of the Shoals
 24858 | Shoals:1 | Received a gift from Trog
 25742 | Shoals:1 | Received a gift from Trog
 26032 | Shoals:2 | Reached XP level 17. HP: 154/154 MP: 16/16
 26206 | Shoals:2 | Received a gift from Trog
 26465 | Shoals:2 | Noticed a kraken
 26482 | Shoals:2 | Killed a kraken
 27825 | Shoals:4 | Entered Level 4 of the Shoals
 27834 | Shoals:4 | Noticed Ilsuiw
 27846 | Shoals:4 | Received a gift from Trog
 27870 | Shoals:4 | Killed Ilsuiw
 27991 | Shoals:4 | Got a slimy bone ring
 28075 | Shoals:4 | Identified the ring of Eternal Harmony {Wiz Str+4 Dex+4} (You found it on level 4 of the Shoals)
 28147 | Shoals:4 | Slain by a faun

Skill      XL: |  1  2  3  4  5  6  7  8  9 10 11 12 13 14 15 16 17 |
---------------+----------------------------------------------------+-----
Axes           | 4 5 7 8 10 11 12 13 14 15 17 | 17.6
Shields        | 1 3 5 6 7 8 9 10 11 12 14 15 16 17 | 17.9
Fighting       | 4 5 6 8 9 11 12 13 14 15 16 17 | 17.5
Throwing       | 1 2 3 4 5 6 7 8 9 10 11 | 11.2
Armour         | 3 4 5 6 7 9 10 11 12 13 | 13.1
Dodging        | 3 4 5 6 7 8 9 10 11 12 | 12.2

Action                   |  1- 3 |  4- 6 |  7- 9 | 10-12 | 13-15 | 16-18 || total
-------------------------+-------+-------+-------+-------+-------+-------++-------
Melee: Hand axe          |    85 |    30 |       |       |   401 |  1492 ||  2008
       Headbutt          |    13 |     8 |    66 |   166 |   410 |   581 ||  1244
       War axe           |       |    28 |   421 |   517 |   255 |       ||  1221
       Broad axe         |       |       |       |       |   533 |       ||   533
Throw: Tomahawk          |       |       |     7 |     8 |    80 |    18 ||   113
       Javelin           |       |       |       |       |       |    49 ||    49
Invok: Berserk           |     1 |     2 |     4 |     9 |    10 |     5 ||    31
       Trog's Hand       |       |     2 |     1 |     5 |     2 |     1 ||    11
       Burn Spellbooks   |       |       |       |     3 |     3 |     1 ||     7
  Use: Scroll            |       |     4 |     6 |    13 |    11 |    12 ||    46
       Potion            |       |       |       |     1 |       |       ||     1
 Stab: Sleeping          |     1 |       |       |       |       |       ||     1
       Distracted        |       |     1 |       |       |       |       ||     1
       Petrified         |       |       |       |       |     1 |       ||     1
  Eat: Chunk             |     2 |     5 |    18 |    17 |    40 |    19 ||   101
       Pizza             |       |       |     1 |       |     1 |       ||     2
       Fruit             |       |       |       |    11 |     6 |     4 ||    21
       Royal jelly       |       |       |       |     1 |       |     1 ||     2
       Meat ration       |       |       |       |       |       |     1 ||     1
Armor: Animal skin       |    24 |     6 |       |       |       |       ||    30
       Chain mail        |       |    11 |       |       |       |       ||    11
       Plate armour      |       |       |   180 |   209 |   250 |   326 ||   965
Dodge: Dodged            |    57 |    30 |   101 |   242 |   392 |   422 ||  1244
Block: Shield            |       |    24 |   190 |   308 |       |       ||   522
       Large shield      |       |       |       |   112 |  1171 |  1576 ||  2859
